 Dungeon Crawl Stone Soup version 0.29-a0-378-gc08b2e8bf8 (webtiles) character file.

Game seed: 2391623712530369726

15 asterach the Cutter (level 2, -7/16 HPs)
             Began as a Vine Stalker Monk on May 5, 2022.
             Mangled by a gnoll
             ... wielding a +1 spear of venom
              (10 damage)
             ... on level 1 of the Dungeon.
             The game lasted 00:01:18 (802 turns).

asterach the Cutter (Vine Stalker Monk)              Turns: 802, Time: 00:01:19

Health: -7/16      AC:  2    Str: 13    XL:     2   Next: 50%
Magic:  0/3        EV: 13    Int: 10    God:
Gold:   36         SH:  0    Dex: 16    Spells: 1/1 levels left

rFire   . . .      SeeInvis .   a - +0 short sword
rCold   . . .      Faith    .   (no shield)
rNeg    . . .      Spirit   +   b - +0 robe
rPois   .          Reflect  .   (no helmet)
rElec   .          Harm     .   (no cloak)
rCorr   .          Rampage  .   (no gloves)
Will    .....                   (no boots)
Stlth   ++........              (no amulet)
HPRegen 0.05/turn               (no ring)
MPRegen 0.08/turn               (no ring)

@: lethally poisoned (-7 -> -14)
A: fangs 2, magic shield, antimagic bite, no potion heal 2
a: no special abilities


You were on level 1 of the Dungeon.
You visited 1 branch of the dungeon, and saw 1 of its levels.

You collected 36 gold pieces.

Inventory:

Hand Weapons
 a - a +0 short sword (weapon)
 d - a +0 short sword
Armour
 b - a +0 robe (worn)
Potions
 c - a potion of ambrosia


   Skills:
 + Level 2.9 Fighting
 + Level 2.9 Short Blades
 + Level 2.6 Dodging
 + Level 2.6 Stealth


You had one spell level left.
You didn't know any spells.
Your spell library contained the following spells:

 Spells                   Type           Power      Damage    Failure   Level
 Apportation              Tloc           0%         N/A       36%         1
 Alistair's Intoxication  Tmut/Pois      0%         N/A       100%        5


Dungeon Overview and Level Annotations

Branches:
Dungeon (1/15)

Altars:


Innate Abilities, Weirdness & Mutations

You have extremely sharp teeth.
When hurt, damage is shared between your health and your magic reserves.
Your bite disrupts and absorbs the magic of your enemies.
Potions cannot restore your health.


Message History

The bat barely misses you.
You hit the bat.
You kill the bat!
You see here a bat corpse.
The helpless bat fails to defend itself.
You puncture the bat!
You kill the bat!
No target in view!
You see here a bat corpse.
You open the door.
A ball python comes into view.
The ball python hisses angrily.
There is an open door here.
Found a spear.
You hit the ball python.
You kill the ball python!
No target in view!
Found 13 stones and a ring mail.
You see here 13 stones.
You see here a +0 ring mail.
e - a murky cyan potion A gnoll comes into view.
It is wielding a +1 spear of venom.
The gnoll shouts!
The gnoll barely misses you.
You hit the gnoll.
The gnoll is lightly wounded.
The gnoll hits you with a +1 spear of venom!
Ouch! That really hurt!
You are too injured to fight recklessly!
You closely miss the gnoll.
The gnoll is lightly wounded.
The gnoll hits you with a +1 spear of venom.
You are lethally poisoned!
You aren't carrying any scrolls.
It was a potion of heal wounds.
That seemed strangely inert.
* * * LOW HITPOINT WARNING * * *
You feel sick.
The gnoll hits you with a +1 spear of venom!
Ouch! That really hurt!
You die...

#.# #.# ######..#
#.# ######.#
......... #.#
#...##.# .#####...
#†# #...##.# #.#.
#.# #...##.# ...##
#.# #...##.# #### #
#.# #...##.# . #.#
#...##.#############
# #.#
#...........@g......
#†#
##......########....
#.# #......# . #.#
#[.....# #.#
#.(....# #.#
#......# ## #.#
#......# ... #.#
#......####... #.#
#####.........


You could see a gnoll.

Vanquished Creatures
  A dart slug (D:1)
  An endoplasm (D:1)
  2 quokkas (D:1)
  A ball python (D:1)
  4 bats (D:1)
  A frilled lizard (D:1)
  2 kobolds (D:1)
12 creatures vanquished.

Notes
Turn   | Place    | Note
-------+----------+-------------------------------------------
     0 | D:1      | asterach the Vine Stalker Monk began the quest for the Orb.
     0 | D:1      | Reached XP level 1. HP: 11/11 MP: 2/2
   668 | D:1      | Reached XP level 2. HP: 16/16 MP: 3/3
   802 | D:1      | Mangled by a gnoll

Illustrated notes

Levels and vault maps discovered:
D:1:      amcnicky_arrival_feature_with_door, layout_basic

Action                   || total
-------------------------++-------
Melee: Short sword       ||    25
       Bite              ||     5
  Use: Potion            ||     1
 Stab: Sleeping          ||     4
Dodge: Dodged            ||    13

Table legend: (Time is in decaauts)
 A = Elapsed time spent in this place.
 B = Non-inter-level travel time spent in this place.
 C = Inter-level travel time spent in this place.
 D = Time resting spent in this place.
 E = Time spent auto-exploring this place.
 F = Levels seen in this place.
 G = Mean time per level.
                   A        B        C        D        E       F      G
               +--------+--------+--------+--------+--------+-----+--------+
         Total |    800 |    800 |      0 |    239 |    468 |   1 |  800.0 |
       Dungeon |    800 |    800 |      0 |    239 |    468 |   1 |  800.0 |
               +--------+--------+--------+--------+--------+-----+--------+

Top non-repeatable levels by time:
     D:1: 800 daAuts
